 Dungeon Crawl Stone Soup version 0.31-a0-182-gc5ef74bbde (webtiles) character file.

Game seed: 107590449105552756

61 qw the Shooter (level 4, -6/39 HPs)
             Began as a Naga Hunter on June 20, 2023.
             Mangled by Robin
             ... wielding a +3 trident of protection
              (9 damage)
             ... on level 2 of the Dungeon.
             The game lasted 00:00:24 (750 turns).

qw the Shooter (Naga Hunter)                         Turns: 750, Time: 00:00:25

Health: -6/39      AC:  2    Str: 13    XL:     4   Next: 7%
Magic:  4/4        EV:  9    Int: 10    God:
Gold:   85         SH:  0    Dex: 16    Spells: 3/3 levels left

rFire   . . .        a - +0 shortbow
rCold   . . .        (shield currently unavailable)
rNeg    . . .        c - +0 leather armour
rPois   +            (no helmet)
rElec   .            (no cloak)
rCorr   .            (no gloves)
SInv    +            (no barding)
Will    .....        (no amulet)
Stlth   ++           (no ring)
HPRegen 0.26/turn    (no ring)
MPRegen 0.09/turn

%: no passive effects
@: short of breath, very slow
A: AC +1, large, see invisible, deformed body, poison resistance, slowness 2,
spit poison 1, naga tail 1
a: Spit Poison


You were on level 2 of the Dungeon.
You visited 1 branch of the dungeon, and saw 2 of its levels.

You collected 85 gold pieces.


Innate Abilities, Weirdness & Mutations

Your serpentine skin is tough. (AC +1)
You have supernaturally acute eyesight. (SInv)
Armour fits poorly on your strangely shaped body.
Your system is resistant to poisons. (rPois)
You cover ground very slowly.
You can spit poison.
You have a snake-like lower body.


   Skills:
 + Level 2.1 Fighting
 - Level 5.0 Ranged Weapons
 - Level 1.5 Dodging
 - Level 1.5 Stealth


You had 3 spell levels left.
You didn't know any spells.
Your spell library was empty.

Inventory:

Hand Weapons
 a - a +0 shortbow (weapon)
Armour
 c - a +0 leather armour (worn)
Jewellery
 e - an amulet of magic regeneration
Scrolls
 d - 2 scrolls of identify {unknown}
Potions
 b - a potion of resistance {unknown}

Dungeon Overview and Level Annotations

Branches:
Dungeon (2/15)

Altars:

Annotations:
D:2 Robin


Message History

Robin roars a battlecry!
The goblins go into a battle-frenzy!
The goblin shouts!
You shoot an arrow. The arrow hits Robin.
Robin is moderately wounded.
The goblin barely misses you.
Robin laughs in a distinctly smug fashion.
Robin hits you with a +3 trident of protection!
You shoot an arrow. The arrow hits Robin.
Robin is moderately wounded.
The goblin closely misses you. Robin closely misses you.
You shoot an arrow. The arrow barely misses Robin.
You have got your breath back.
The goblin hits you but does no damage.
Robin hits you with a +3 trident of protection.
The goblin barely misses you. Robin throws the goblin at you!
747 ||| INVOKING Spit Poison.
Aiming: Spit Poison (1% risk of failure)
Press: ? - help, Shift-Dir - straight line, f/p - Robin The splash of poison hits Robin but does no damage.
Robin is poisoned.
Robin is moderately wounded.
The goblin hits you with a +0 dagger. Robin barely misses you.
You shoot an arrow.
The arrow hits Robin but does no damage.
Robin is moderately wounded.
The goblin hits you with a +0 dagger. Robin barely misses you.
The goblin barely misses you.
You shoot an arrow.
The arrow hits Robin but does no damage.
Robin is heavily wounded.
The goblin closely misses you.
The goblin hits you with a +2 dagger of venom.
Robin hits you with a +3 trident of protection.
You shoot an arrow.
The arrow hits Robin but does no damage.
Robin is heavily wounded.
The goblin hits you with a +0 dagger. The goblin barely misses you.
Robin hits you with a +3 trident of protection!
You die...

#.. #.. #..
#.. #####..
)))....##
#..gg# #@# #g#
#.# #.# .# #.#
#.##.# #.#
#.##(# #.# #
#.##.###.###.#
#
#.#.....#....#
#
#.#..###.###.#


You could see Robin (poisoned) and 2 goblins.

Vanquished Creatures
  2 adders (D:2)
  6 bats
  An endoplasm (D:1)
  5 giant cockroaches
  7 goblins
  5 hobgoblins
  3 kobolds (D:1)
  3 quokkas
  A ball python (D:1)
  A frilled lizard (D:2)
  6 rats (D:1)
40 creatures vanquished.

Notes
Turn   | Place    | Note
-------+----------+-------------------------------------------
     0 | D:1      | qw the Naga Hunter began the quest for the Orb.
     0 | D:1      | Reached XP level 1. HP: 19/19 MP: 1/1
     0 | D:1      | 0 ||| qw: Version: 0.3-a-9-g12657ce
     0 | D:1      | 0 ||| qw: Game counter: 1202
     0 | D:1      | 0 ||| qw: Always use a shield: true
     0 | D:1      | 0 ||| qw: God list: Okawaru
     0 | D:1      | 0 ||| qw: Allow faded altars: false
     0 | D:1      | 0 ||| qw: Do Orc after D:15 true
     0 | D:1      | 0 ||| qw: Do second Lair branch before Depths: true
     0 | D:1      | 0 ||| qw: Lair rune preference: random
     0 | D:1      | 0 ||| qw: Plans: Normal
     0 | D:1      | 0 ||| PLANNING D:1-11
    16 | D:1      | 16 ||| INVOKING Spit Poison.
    20 | D:1      | 20 ||| INVOKING Spit Poison.
    61 | D:1      | 61 ||| INVOKING Spit Poison.
   131 | D:1      | 131 ||| INVOKING Spit Poison.
   157 | D:1      | 157 ||| INVOKING Spit Poison.
   159 | D:1      | Reached skill level 4 in Ranged Weapons
   159 | D:1      | Reached XP level 2. HP: 26/26 MP: 2/2
   160 | D:1      | 160 ||| INVOKING Spit Poison.
   181 | D:1      | 181 ||| INVOKING Spit Poison.
   195 | D:1      | 195 ||| INVOKING Spit Poison.
   200 | D:1      | 200 ||| INVOKING Spit Poison.
   220 | D:1      | 220 ||| INVOKING Spit Poison.
   257 | D:1      | 257 ||| INVOKING Spit Poison.
   264 | D:1      | Reached XP level 3. HP: 32/32 MP: 3/3
   304 | D:1      | 304 ||| INVOKING Spit Poison.
   320 | D:1      | 320 ||| INVOKING Spit Poison.
   337 | D:1      | 337 ||| INVOKING Spit Poison.
   345 | D:1      | 345 ||| INVOKING Spit Poison.
   378 | D:1      | 378 ||| DROPPING scroll of butterflies.
   404 | D:2      | 404 ||| INVOKING Spit Poison.
   433 | D:2      | 433 ||| INVOKING Spit Poison.
   484 | D:2      | 484 ||| INVOKING Spit Poison.
   510 | D:2      | 510 ||| INVOKING Spit Poison.
   511 | D:2      | 511 ||| INVOKING Spit Poison.
   543 | D:2      | 543 ||| INVOKING Spit Poison.
   566 | D:2      | 566 ||| INVOKING Spit Poison.
   594 | D:2      | 594 ||| INVOKING Spit Poison.
   642 | D:2      | 642 ||| INVOKING Spit Poison.
   673 | D:2      | 673 ||| INVOKING Spit Poison.
   729 | D:2      | Reached skill level 5 in Ranged Weapons
   729 | D:2      | Reached XP level 4. HP: 39/39 MP: 4/4
   731 | D:2      | 731 ||| INVOKING Spit Poison.
   732 | D:2      | Noticed Robin
   736 | D:2      | 736 ||| INVOKING Spit Poison.
   742 | D:2      | 742 ||| INVOKING Spit Poison.
   747 | D:2      | 747 ||| INVOKING Spit Poison.
   749 | D:2      | HP: 7/39 [Robin/+3 trident of protection (3)]
   750 | D:2      | HP: 3/39 [goblin/+0 dagger[Robin] (4)]
   750 | D:2      | Mangled by Robin

Levels and vault maps discovered:
D:1:      dpeg_arrival_rooms_b, layout_rooms
D:2:      layout_loops_ring, minmay_worlds_worst_comb, uniq_robin

Skill      XL: |  1  2  3 |
---------------+----------+-----
Ranged Weapons | 4 5 |  5.0
Fighting       | |  2.1
Dodging        | |  1.5
Stealth        | |  1.5

Action                     |  1- 3 |  4- 6 || total
---------------------------+-------+-------++-------
   Fire: Shortbow          |    52 |    18 ||    70
Ability: Spit Poison       |    24 |     4 ||    28
 Armour: Leather armour    |     3 |     2 ||     5
  Dodge: Dodged            |     7 |    11 ||    18

Table legend:
 A = Non-vault XP
 B = Vault XP
 C = Vault XP percentage of total XP
 D = Non-vault monster count
 E = Vault monster count
 F = Vault count percentage of total count
                 A         B        C        D         E       F
            +---------+---------+-------+---------+---------+-------
      Total |      78 |      10 |  11.4 |      34 |       6 |  15.0
            +---------+---------+-------+---------+---------+-------
        D:1 |      40 |       0 |   0.0 |      25 |       0 |   0.0
        D:2 |      38 |      10 |  20.8 |       9 |       6 |  40.0
            +---------+---------+-------+---------+---------+-------
